AoeStats
← Charlson

Baltic

510510331Analyzed
2v2 RM · 1d ago on Oct 1, 2026· 139m 48s· 4 players
Game mode
Random Map
Map size
Medium (4 player)
Population
200
Speed
Normal
Resources
Standard
Victory
Conquest
Starting age
Dark Age
Ending age
Imperial Age
RankedLock teamsTeams togetherTeam positionsShared explorationLock speedFull tech treeHidden civsTurbo modeCheats
Victory
Defeat
🇨🇳 Chinese · China
789
+14
🇨🇳 Khmer · China
763
+15
🇩🇪 Wei · Germany
789
-16
🇪🇸 Turks · Spain
714
-13
Charlson
13:38 Feudal Age
17:39 Castle Age
16:13 Double-Bit Axe
16:09 Horse Collar
16:24 Gold Mining
16:24 Stone Mining
32:21 Light Cavalry
35:23 Scale Barding Armor
38:13 Bow Saw
38:04 Heavy Plow
38:42 Wheelbarrow
42:16 Imperial Age
42:15 Gold Shaft Mining
42:16 Stone Shaft Mining
44:04 Double Crossbow
46:31 Forging
47:11 Heavy Scorpion
47:14 Elite Ballista Elephant
51:44 Elite Battle Elephant
57:07 Hand Cart
57:24 Crop Rotation
57:20 Chain Barding Armor
57:36 Iron Casting
60:21 Ballistics
61:02 Chemistry
61:26 Plate Barding Armor
61:52 Blast Furnace
62:18 Hussar
63:08 Bloodlines
65:43 Bloodlines
65:33 Husbandry
67:12 Scale Mail Armor
67:12 Padded Archer Armor
67:02 Fletching
67:11 Heated Shot
91:10 Chain Mail Armor
91:10 Leather Archer Armor
90:51 Bodkin Arrow
91:06 Siege Engineers
96:32 Demolition Ship
97:23 Medium Warships
96:56 Fishing Lines
111:41 Heavy Warships
119:12 Ring Archer Armor
118:38 Bodkin Arrow
119:35 Conscription
124:16 Tusk Swords
125:49 Caravan
黑哨哥
0:41 Loom
10:06 Feudal Age
11:22 Wheelbarrow
11:45 Man-at-Arms
18:49 Double-Bit Axe
19:26 Horse Collar
24:48 Castle Age
25:04 Forging
24:44 Fletching
24:54 Padded Archer Armor
24:54 Scale Mail Armor
25:00 Scale Barding Armor
24:50 Gold Mining
24:52 Stone Mining
25:15 Bloodlines
24:55 Arson
27:27 Medium Warships
28:52 Bow Saw
28:45 Husbandry
28:06 Light Cavalry
31:09 Gold Shaft Mining
31:16 Stone Shaft Mining
30:52 Pikeman
31:33 Squires
31:59 Hand Cart
33:04 Town Watch
33:27 Heavy Plow
33:25 Bodkin Arrow
33:45 Leather Archer Armor
34:28 Iron Casting
34:47 Town Patrol
35:50 Murder Holes
36:05 Masonry
36:16 Ballistics
40:10 Imperial Age
38:26 Leather Archer Armor
38:26 Chain Mail Armor
38:32 Chain Barding Armor
39:29 Clinker Construction
39:29 Careening
39:24 Siphons
39:11 Guard Tower
40:47 Chain Barding Armor
41:12 Conscription
40:16 Elite Fire Lancer
41:26 Thumb Ring
46:25 Architecture
48:01 Two-Man Saw
49:42 Shipwright
49:42 Dry Dock
49:16 Heated Shot
50:26 Chemistry
49:04 Cavalier
49:48 Great Wall
50:58 Blast Furnace
50:28 Ring Archer Armor
50:29 Plate Mail Armor
49:59 Bracer
49:49 Crossbowman
49:50 Elite Skirmisher
49:52 Heavy Scorpion
49:52 Capped Ram
51:38 Heavy Rocket Cart
51:39 Siege Ram
52:44 Bracer
53:20 Plate Barding Armor
55:27 Heavy Warships
61:53 Halberdier
63:39 Plate Barding Armor
65:39 Keep
72:50 Caravan
75:14 Coinage
74:26 Demolition Ship
75:52 Heavy Demolition Ship
102:59 Elite Chu Ko Nu
122:10 Bombard Tower
121:35 Arrowslits
122:01 Fortified Wall
125:18 Rocketry
129:43 Long Swordsman
David Ygra
3:45 Loom
13:12 Feudal Age
13:50 Double-Bit Axe
13:51 Horse Collar
14:34 Gold Mining
16:03 Wheelbarrow
16:33 Fishing Lines
18:23 Man-at-Arms
21:51 Castle Age
21:55 Stone Mining
23:47 Long Swordsman
23:49 Pikeman
24:29 Squires
25:04 Medium Warships
26:25 Fletching
26:48 Forging
28:50 Bloodlines
29:33 Heavy Plow
29:59 Bow Saw
30:31 Husbandry
31:47 Bodkin Arrow
32:03 Scale Barding Armor
32:18 Light Cavalry
39:49 Imperial Age
37:07 Town Watch
39:14 Iron Casting
39:57 Gold Shaft Mining
40:01 Stone Shaft Mining
39:51 Capped Ram
42:38 Heavy Hei Guang Cavalry
45:59 Two-Handed Swordsman
46:25 Arson
46:50 Scale Mail Armor
47:51 Blast Furnace
46:55 Padded Archer Armor
47:05 Halberdier
48:00 Elite Skirmisher
50:13 Chain Mail Armor
50:22 Bracer
52:51 Caravan
54:05 Chain Barding Armor
54:01 Leather Archer Armor
53:12 Hussar
59:52 Onager
68:51 Ring Archer Armor
89:58 Parthian Tactics
90:01 Thumb Ring
93:56 Hand Cart
96:48 Crop Rotation
101:10 Masonry
100:41 Treadmill Crane
100:58 Murder Holes
117:05 Conscription
ekansdilos_
0:32 Loom
11:05 Feudal Age
12:33 Wheelbarrow
11:43 Town Watch
12:41 Double-Bit Axe
12:49 Fishing Lines
20:38 Castle Age
19:54 Stone Mining
19:57 Gold Mining
21:35 Gillnets
22:25 Hand Cart
22:11 Town Patrol
23:54 Medium Warships
25:19 Fletching
29:00 Hand Cart
30:13 Padded Archer Armor
30:08 Bodkin Arrow
29:57 Horse Collar
36:01 Imperial Age
40:09 Murder Holes
40:30 Careening
40:33 Clinker Construction
40:52 Shipwright
40:46 Clinker Construction
40:33 Murder Holes
41:08 Ballistics
43:09 Gold Shaft Mining
43:25 Bombard Tower
44:34 Masonry
45:05 Bow Saw
46:28 Leather Archer Armor
46:09 Bodkin Arrow
47:11 Careening
49:21 Heavy Warships
52:22 Elite Cannon Galleon
55:20 Architecture
54:32 Treadmill Crane
54:44 Heated Shot
55:26 Carvel Hull
55:28 Dry Dock
59:15 Conscription
58:16 Elite Janissary
59:34 Hoardings
58:38 Heavy Camel Rider
59:19 Husbandry
59:30 Bloodlines
62:49 Heavy Scorpion
66:07 Bracer
66:38 Ring Archer Armor
66:15 Scale Barding Armor
71:01 Caravan
73:00 Hoardings
90:58 Chain Barding Armor
90:51 Forging
92:51 Fervor
94:19 Two-Man Saw
95:26 Sanctity
104:18 Cavalier
111:37 Capped Ram
Connection lost

Rejoining the realm…

Still unreachable

The connection could not be restored.

Session expired

The server has moved on; the page needs a fresh start.